 Dungeon Crawl Stone Soup version 0.29.1-1-gd02db6906a (webtiles) character file.

Game seed: 12627784513926079014

6199 KamiKatze the Thaumaturge (level 10, -11/60 HPs)
             Began as an Octopode Conjurer on Sept 28, 2022.
             Was a Believer of Vehumet.
             Mangled by a death yak (25 damage)
             ... on level 8 of the Dungeon.
             The game lasted 00:43:20 (10531 turns).

KamiKatze the Thaumaturge (Octopode Conjurer)      Turns: 10531, Time: 00:43:20

Health: -11/60     AC: 10    Str:  8    XL:     10   Next: 91%
Magic:  3/23       EV: 28    Int: 30    God:    Vehumet [**....]
Gold:   506        SH:  0    Dex: 10    Spells: 13/27 levels left

rFire   . . .      SeeInvis .   v - +3 whip (flame)
rCold   . . .      Faith    .   (no shield)
rNeg    + . .      Spirit   .   F - +1 hat
rPois   .          Reflect  .   d - amulet of the acrobat
rElec   .          Harm     .   o - ring of positive energy
rCorr   .          Rampage  .   p - +4 ring of protection
Will    .....                   y - +4 ring of protection
Stlth   ++++......              G - +6 ring of intelligence
HPRegen 0.20/turn               (no ring)
MPRegen 0.18/turn               (no ring)
                                (no ring)
                                (no ring)

@: acrobatic
A: almost no armour, amphibious, 8 rings, camouflage 1, gelatinous body 1,
(nimble swimmer 1), tentacles
a: Renounce Religion


You were on level 8 of the Dungeon.
You worshipped Vehumet.
Vehumet was pleased with you.
You visited 2 branches of the dungeon, and saw 9 of its levels.
You also visited: Sewer and Bailey.

You collected 506 gold pieces.

Inventory:

Hand Weapons
 j - a +1 short sword
 v - a +3 whip of flaming (weapon)
 H - a +1 dagger of venom
Missiles
 k - 6 datura-tipped darts
 q - 2 throwing nets
 u - 5 poisoned darts (quivered)
Armour
 F - a +1 hat (worn)
Magical Staves
 t - a staff of earth
 x - a staff of air
Jewellery
 d - an amulet of the acrobat (around mantle)
 o - a ring of positive energy (left tentacle)
 p - a +4 ring of protection (right tentacle)
 s - a ring of ice
 y - a +4 ring of protection (on tentacle)
 G - a +6 ring of intelligence (on tentacle)
Wands
 m - a wand of polymorph (6)
 D - a wand of iceblast (23)
Scrolls
 a - 3 scrolls of poison
 b - 3 scrolls of fear
 h - 5 scrolls of butterflies
 i - a scroll of teleportation
 r - 2 scrolls of vulnerability
 w - a scroll of immolation
Potions
 c - 6 potions of curing
 e - a potion of ambrosia
 f - 3 potions of resistance
 g - 3 potions of heal wounds {unknown}
 l - 4 potions of attraction
 n - 3 potions of invisibility {unknown}
 z - a potion of cancellation {unknown}
 A - a potion of haste
 B - a potion of brilliance {unknown}
 C - 2 potions of lignification {unknown}
 E - 2 potions of flight


   Skills:
 + Level 2.2 Fighting
 + Level 3.8 Dodging
 + Level 5.2 Stealth
 * Level 9.1 Spellcasting
 + Level 7.8 Conjurations
 + Level 6.7 Hexes
 + Level 6.6 Translocations
 - Level 2.0 Evocations


You had 13 spell levels left.
You knew the following spells:

 Your Spells              Type           Power      Damage    Failure   Level
a - Magic Dart            Conj           100%       1d8       1%          1
b - Searing Ray           Conj           100%       2d8       1%          2
c - Fulminant Prism       Conj/Hex       27%        3d14      1%          4
d - Iskenderun's Mystic   Conj/Tloc      54%        2d12      1%          4
m - Mephitic Cloud        Conj/Pois/Air  29%        N/A       4%          3

Your spell library contained the following spells:

 Spells                   Type           Power      Damage    Failure   Level
 Blink                    Tloc           100%       N/A       1%          2
 Ensorcelled Hibernation  Hex/Ice        66%        N/A       1%          2
 Dazzling Flash           Conj/Hex       100%       N/A       1%          3
 Gell's Gravitas          Tloc           52%        N/A       1%          3
 Lesser Beckoning         Tloc           52%        N/A       1%          3
 Teleport Other           Tloc           52%        N/A       1%          3
 Tukima's Dance           Hex            52%        N/A       1%          3
 Stone Arrow              Conj/Erth      74%        3d11      2%          3
 Necrotise                Necr           52%        1d6       3%          1
 Sting                    Tmut/Pois      52%        1d5       3%          1
 Passwall                 Tmut/Erth      10%        N/A       6%          2
 Poisonous Vapours        Pois/Air       26%        N/A       6%          2
 Sublimation of Blood     Necr           13%        N/A       6%          2
 Wereblood                Tmut           13%        N/A       6%          2
 Manifold Assault         Tloc           52%        N/A       7%          5
 Hailstorm                Conj/Ice       37%        3d9       8%          4
 Sticky Flame             Conj/Fire      37%        2d6       8%          4
 Frozen Ramparts          Ice            26%        1d4       12%         3
 Ignite Poison            Fire/Tmut/Pois 13%        N/A       12%         3
 Swiftness                Air            13%        N/A       12%         3
 Vampiric Draining        Necr           13%        2d6       12%         3
 Corpse Rot               Necr/Pois/Air  13%        N/A       36%         4
 Ice Form                 Ice/Tmut       13%        N/A       36%         4
 Summon Ice Beast         Ice/Summ       13%        N/A       36%         4
 Dispersal                Tloc           26%        N/A       36%         6
 Agony                    Necr           13%        N/A       71%         5
 Simulacrum               Ice/Necr       6%         N/A       99%         6
 Summon Hydra             Summ           6%         N/A       100%        7
 Lehudib's Crystal Spear  Conj/Erth      18%        10d6      100%        8
 Animate Armour           Summ/Erth      Unusable   N/A       N/A         4

Dungeon Overview and Level Annotations

Branches:
Dungeon (8/15)             Temple (1/1) D:4           Sewer (visited)
 Bailey (visited)
   Lair: D:8-11

Altars:
Cheibriados
Dithmenos
Elyvilon
Fedhas
Gozag
Hepliaklqana
Kikubaaqudgha
Nemelex Xobeh
Okawaru
Qazlal
Ru
Sif Muna
Trog
Uskayaw
Vehumet
Wu Jian
Xom
Yredelemnul
Zin
The Shining One


Innate Abilities, Weirdness & Mutations

You cannot wear most types of armour.
You are amphibious.
You can wear up to eight rings at the same time.
Your skin changes colour to match your surroundings (Stealth+).
Your rubbery body absorbs attacks. (AC +1, EV +1)
((You are camouflaged when in or above water. (Stealth+)))
You have tentacles for arms and can constrict up to eight enemies at once.


Message History

Press: ? - help, Shift-Dir - straight line, f - death yak
Aim: a death yak (severely wounded, chance to affect: 34%)
The ball explodes into a vile cloud!
The stinking cloud engulfs the death yak but does no damage.
The death yak is severely wounded.
The death yak is engulfed in noxious fumes.
The death yak is engulfed in noxious fumes.
The death yak is engulfed in noxious fumes.
The death yak appears confused.
You see here a rat corpse.
The death yak attacks as you move away! The death yak completely misses you.
The death yak seems less confused.
The death yak attacks as you move away! The death yak completely misses you.
Casting: Mephitic Cloud (dangerous; 4% risk of failure)
Confirm with . or Enter, or press ? or * to list all spells.
You don't have enough magic to cast this spell.
The death yak gores you. The death yak attacks as you move away!
The death yak completely misses you. The death yak attacks as you move away!
The death yak closely misses you. The death yak attacks as you move away!
The death yak barely misses you. The death yak attacks as you move away!
The death yak misses you.
The death yak gores you but does no damage.
The death yak attacks as you move away! The death yak gores you!!
The death yak attacks as you move away! The death yak completely misses you.
The death yak attacks as you move away! The death yak misses you.
The death yak attacks as you move away! The death yak gores you!!
* * * LOW HITPOINT WARNING * * *
Unknown command.
Casting: Mephitic Cloud (dangerous; 4% risk of failure)
Confirm with . or Enter, or press ? or * to list all spells.
You erupt in a blast of force!
The mystic blast hits the death yak.
The death yak is severely wounded.
The death yak is knocked back by the mystic blast.
The mystic blast hits the death yak!
The death yak is lightly wounded.
The death yak is knocked back by the mystic blast.
The death yak slams into the rock wall!
You hear a bellow!
The death yak attacks as you move away! The death yak gores you!!
You die...

......#########........######
......#.....................#
......#..............Y.###..####
.....)#............##..~~♣...~.##
....))'...........>###≈~≈~.~~.~~#
....###...........Y# ##.#...~..♣#
..#[# #............# #.~..~.~~..#
###.###.........Y..###~..~#~~≈.##
#P.P#########..@.Y...~...≈...~~.
##≈.≈## #.....###.)#≈.≈.~~..
#≈≈.≈≈##.♣ #.........~♣...≈~..#
≈≈≈.≈≈≈P... ##...####~≈~.~.~#.##
..........8 #..## #..~..~~÷.#
≈≈≈.≈≈≈P... ##.######.###.###.#
#≈≈.≈≈##.♣. #.)#...##[# #.....#
##≈.≈## #.. #..#...##.# #####.##
#P.P# ## #..#...##.# #..)


You could see 3 death yaks.

Vanquished Creatures
  A two-headed ogre (D:8)
  Pikel (D:5)
  A gargoyle (Bailey)
  A vampire (Bailey)
  3 wyverns
  Grum (D:8)
  Menkaure (D:7)
  Edmund (D:6)
  A water moccasin (D:7)
  Pargi (Sewer)
  An ice beast (D:6)
  A black bear (D:7)
  2 orc warriors
  4 wolves (D:8)
  2 ogres
  2 centaurs
  3 phantoms
  4 lemures (D:5)
  4 necrophages
  3 scorpions
  4 wights (D:7)
  3 killer bees (D:8)
  7 wolf zombies (Bailey)
  8 vampire bats (Bailey)
  7 hounds
  4 orc priests
  A jelly (D:6)
  4 iguanas
  Natasha (thrice) (D:2)
  7 orc wizards
  A hell rat (D:8)
  11 gnolls
  9 adders
  A shadow imp (D:8)
  2 white imps
  4 worms
  5 dart slugs
  17 orcs
  9 endoplasms
  4 giant cockroaches
  10 goblins
  5 hobgoblins
  5 quokkas
  4 ball pythons
  12 bats
  11 frilled lizards
  10 kobolds
  23 orc zombies (Bailey)
  4 rats
233 creatures vanquished.

Vanquished Creatures (others)
  54 fulminant prisms
54 creatures vanquished.

Grand Total: 287 creatures vanquished

Notes
Turn   | Place    | Note
-------+----------+-------------------------------------------
     0 | D:1      | KamiKatze the Octopode Conjurer began the quest for the
                  | Orb.
     0 | D:1      | Reached XP level 1. HP: 11/11 MP: 3/3
   268 | D:1      | Reached XP level 2. HP: 17/17 MP: 5/5
   355 | D:1      | Learned a level 2 spell: Searing Ray
   564 | D:1      | Found a faded altar of an unknown god.
   567 | D:1      | Reached XP level 3. HP: 17/21 MP: 2/6
   946 | D:1      | Reached skill level 1 in Hexes
  1146 | D:2      | Noticed Natasha
  1150 | D:2      | Killed Natasha
  1151 | D:2      | Reached XP level 4. HP: 19/27 MP: 2/8
  1217 | D:2      | Reached skill level 1 in Translocations
  1411 | D:2      | Noticed Natasha
  1421 | D:2      | Killed Natasha
  1532 | D:2      | Noticed Natasha
  1538 | D:2      | Killed Natasha
  1539 | D:2      | Reached skill level 3 in Spellcasting
  1539 | D:2      | Reached XP level 5. HP: 31/31 MP: 4/9
  2067 | D:3      | Found a shimmering blue altar of Sif Muna.
  2090 | D:3      | Got Sif Muna's Volume of Blight
  2502 | D:3      | Found a bloodstained altar of Trog.
  2541 | D:4      | Found a staircase to the Ecumenical Temple.
  2549 | Temple   | Entered the Ecumenical Temple
  2649 | D:4      | Reached skill level 1 in Evocations
  2649 | D:4      | Reached XP level 6. HP: 28/36 MP: 2/11
  2745 | D:4      | Found a glowing drain.
  2814 | Sewer    | Entered a sewer
  2966 | Sewer    | Noticed Pargi
  3124 | Sewer    | Killed Pargi
  3473 | D:4      | Learned a level 4 spell: Fulminant Prism
  3478 | D:4      | Learned a level 4 spell: Iskenderun's Mystic Blast
  3623 | D:4      | Reached skill level 4 in Spellcasting
  3623 | D:4      | Reached XP level 7. HP: 41/41 MP: 6/13
  3826 | D:4      | Reached skill level 5 in Conjurations
  4425 | D:5      | Entered Level 5 of the Dungeon
  4608 | D:5      | Noticed Pikel
  4613 | D:4      | Reached skill level 5 in Spellcasting
  4613 | D:4      | Reached XP level 8. HP: 45/46 MP: 8/15
  4920 | D:5      | Found a stormy altar of Qazlal.
  5961 | D:6      | Found a glowing golden altar of the Shining One.
  5975 | D:6      | Found a radiant altar of Vehumet.
  5981 | D:6      | Found a snail-covered altar of Cheibriados.
  5987 | D:6      | Became a worshipper of Vehumet
  6096 | D:6      | Reached skill level 6 in Spellcasting
  6299 | D:5      | Killed Pikel
  6300 | D:5      | Reached XP level 9. HP: 51/51 MP: 8/19
  6795 | D:6      | Reached skill level 5 in Hexes
  7007 | D:6      | Noticed Edmund
  7032 | D:6      | Killed Edmund
  7033 | D:6      | Reached skill level 7 in Spellcasting
  7163 | D:7      | Reached skill level 5 in Translocations
  7262 | D:7      | Found a flagged portal.
  7305 | Bailey   | Entered a bailey
  7916 | Bailey   | Reached * piety under Vehumet
  7916 | Bailey   | Offered knowledge of Sandblast by Vehumet.
  7917 | Bailey   | Reached skill level 8 in Spellcasting
  7917 | Bailey   | Reached XP level 10. HP: 56/56 MP: 8/22
  8365 | Bailey   | Noticed a gargoyle
  8384 | Bailey   | Killed a gargoyle
  8462 | Bailey   | Identified the +1 plate armour "Wossut" {Harm rC+ Int+4}
  8786 | Bailey   | Got the Guide on Cunning Calefaction
  9129 | D:7      | Noticed Menkaure
  9136 | D:7      | Killed Menkaure
  9171 | D:7      | Reached ** piety under Vehumet
  9171 | D:7      | Offered knowledge of Freeze by Vehumet.
  9859 | D:8      | Reached skill level 1 in Fighting
  9918 | D:8      | Noticed a two-headed ogre
  9957 | D:8      | Killed a two-headed ogre
 10249 | D:8      | Reached skill level 5 in Stealth
 10249 | D:8      | Reached skill level 9 in Spellcasting
 10254 | D:8      | Noticed Grum
 10261 | D:8      | Killed Grum
 10434 | D:8      | Noticed a death yak
 10451 | D:8      | Offered knowledge of Mephitic Cloud by Vehumet.
 10456 | D:8      | Learned a level 3 spell: Mephitic Cloud
 10462 | D:8      | Noticed a death yak
 10464 | D:8      | Noticed a death yak
 10531 | D:8      | Mangled by a death yak

Illustrated notes

Levels and vault maps discovered:
D:1:      dpeg_arrival_tiny_h, layout_loops_ring,
          hellmonk_ecumenical_altar_pennies_from_heaven
D:2:      layout_rooms, minivault_4, uniq_natasha
D:3:      layout_basic, nzn_overflow_gifts_of_might_and_magic
D:4:      minmay_recursive_quarters, layout_basic, minmay_temple_entry_arrows,
          cheibrodos_sewer_entry_bend
D:5:      layout_basic, nicolae_qazlal_scattered_showers, uniq_pikel
D:6:      layout_loops_corners, grunt_temple_overflow_open, uniq_edmund
D:7:      layout_loops_ring, serial_glass, glass_columns_c, glass_columns_a,
          enter_bailey_2, uniq_menkaure
D:8:      layout_basic, dpeg_lair_monsters, dreamdust_princess_bridge, hex_tiny,
          chequers_serial_rivers_micro_e, chequers_serial_rivers_micro_c,
          chequers_serial_rivers_marsh, uniq_grum
Temple:   nicolae_temple_bog_church

Skill      XL: |  1  2  3  4  5  6  7  8  9 10 |
---------------+-------------------------------+-----
Stealth        | 3 4 5 |  5.2
Hexes          | 1 2 3 4 5 6 |  6.7
Translocations | 1 2 3 4 5 6 |  6.6
Spellcasting   | 3 4 5 6 8 9 |  9.1
Evocations     | 1 2 |  2.0
Dodging        | 3 |  3.8
Conjurations   | 5 6 7 |  7.8
Fighting       | 2 |  2.2

Action                   |  1- 3 |  4- 6 |  7- 9 | 10-12 || total
-------------------------+-------+-------+-------+-------++-------
Melee: Dagger            |    28 |       |       |       ||    28
       Unarmed           |     3 |     2 |       |       ||     5
       Constrict         |     8 |     2 |     3 |     7 ||    20
       Tentacles         |     7 |     1 |     5 |     7 ||    20
       Punch             |     1 |       |       |       ||     1
       Short sword       |     9 |    17 |    13 |       ||    39
       Whip              |       |       |    16 |    27 ||    43
 Cast: Magic Dart        |    29 |    79 |    62 |    25 ||   195
       Searing Ray       |     1 |    22 |    51 |     9 ||    83
       Fulminant Prism   |       |       |     7 |    47 ||    54
       Iskenderun's Myst |       |       |    15 |    15 ||    30
       Mephitic Cloud    |       |       |       |     1 ||     1
  Use: Scroll            |     4 |     8 |     1 |     4 ||    17
       Potion            |       |     1 |       |       ||     1
 Stab: Sleeping          |     5 |     1 |     1 |     3 ||    10
Armor: Skin              |     5 |     1 |    29 |     9 ||    44
Dodge: Dodged            |    37 |    28 |    86 |    60 ||   211
